HSSL
EVANS HS KNIGHTS @ TEMISKAMING DISTRICT SECONDARY SCHOOL SAINTS
05/03/2028
 
TOP OF THE 1ST
Evans HS Knights batting - Pitching for Temiskaming District Secondary School Saints : LHP Jaime Meléndez
Pitching: LHP Jaime Meléndez
Batting: RHB Gerald Hayes 0-0: Called Strike
0-1: DOUBLE (Line Drive, 7LS)
Batting: RHB Dominic Veillette 0-0: Called Strike
0-1: Ball
1-1: Fly out, F8 (Flyball, 8RM)
Batting: RHB James Bennett 0-0: Ball
1-0: Ball
2-0: Ball
3-0: Base on Balls
Batting: RHB Deron Rolen 0-0: Foul Ball, location: 2F
0-1: Ball
1-1: Ball
2-1: Ball
3-1: Swinging Strike
3-2: SINGLE (Groundball, 6MD)
Gerald Hayes to third
James Bennett to second
Runner from 3rd tries for Home, SAFE, no throw
Batting: RHB Scott Wells 0-0: Ball
1-0: Ball
2-0: Called Strike
2-1: Foul Ball, location: 2F
2-2: Ball
3-2: Foul Ball, location: 2F
3-2: SINGLE (Line Drive, 9S)
James Bennett to third
Deron Rolen to second
Batting: RHB Rafael Martínez 0-0: Ball
1-0: Called Strike
1-1: Fly out, F9 (Flyball, 9S)
Batting: LHB Billy Raymond 0-0: Ball
1-0: Foul Ball, location: 2F
1-1: Foul Ball, location: 2F
1-2: Strikes out swinging
Top of the 1st over - 1 run(s), 3 hit(s), 0 error(s), 3 left on base; Evans HS 1 - Temiskaming District Secondary School 0
BOTTOM OF THE 1ST
Temiskaming District Secondary School Saints batting - Pitching for Evans HS Knights : LHP Fernando Velázquez
Pitching: LHP Fernando Velázquez
Batting: RHB José Icaza 0-0: Bunt for hit - play at first, batter safe!
Batting: RHB Louis-Joseph Perrier 0-0: Ball
José Icaza is caught stealing 2nd base
1-0: Called Strike
1-1: Foul Ball, location: 2F
1-2: Ball
2-2: Ball
3-2: Base on Balls
Batting: RHB Ramón Cabrera 0-0: Ball
1-0: Ball
2-0: Ball
3-0: Base on Balls
Louis-Joseph Perrier to second
Batting: LHB Leonardo Torres 0-0: Ball
1-0: Ball
2-0: Ball
3-0: Base on Balls
Louis-Joseph Perrier to third
Ramón Cabrera to second
Batting: RHB Hilton Knowles 0-0: Called Strike
0-1: Ball
1-1: Swinging Strike
1-2: Fly out, F8 (Flyball, 8LS)
Batting: LHB Carson Dickinson 0-0: Ball
1-0: Ball
2-0: Foul Ball, location: 2F
2-1: Foul Ball, location: 2F
2-2: Ball
3-2: SINGLE (Flyball, 89S)
Louis-Joseph Perrier scores
Ramón Cabrera to third
Leonardo Torres to second
Ramón Cabrera scores
Leonardo Torres to third
Batting: SHB Eric Silva 0-0: SINGLE (Groundball, 56) (infield hit)
Leonardo Torres scores
Carson Dickinson to second
Batting: RHB Scott Roberts 0-0: Fly out, F7 (Flyball, 78S)
Bottom of the 1st over - 3 run(s), 3 hit(s), 0 error(s), 2 left on base; Evans HS 1 - Temiskaming District Secondary School 3
TOP OF THE 2ND
Evans HS Knights batting - Pitching for Temiskaming District Secondary School Saints : LHP Jaime Meléndez
Batting: LHB Andre Montgomery 0-0: SINGLE (Groundball, 34S) (infield hit)
Batting: LHB Julián Icaza 0-0: Ball
1-0: Ball
2-0: Ground out U3 (Groundball, 34S)
Andre Montgomery to second
Batting: RHB Gerald Hayes 0-0: Ball
1-0: Single, Error in OF, E8, batter to second base
Andre Montgomery scores
Batting: RHB Dominic Veillette 0-0: Swinging Strike
0-1: Ball
1-1: Ball
2-1: Foul Ball, location: 2F
2-2: Strikes out swinging
Batting: RHB James Bennett 0-0: Ball
1-0: Called Strike
1-1: SINGLE (Groundball, 6MD)
Gerald Hayes to third
Runner from 3rd tries for Home, SAFE, no throw
Batting: RHB Deron Rolen 0-0: Ball
1-0: Called Strike
1-1: Ball
2-1: Ball
3-1: Called Strike
3-2: Foul Ball, location: 2F
3-2: Fly out, F8 (Flyball, 8RM)
Top of the 2nd over - 2 run(s), 3 hit(s), 1 error(s), 1 left on base; Evans HS 3 - Temiskaming District Secondary School 3
BOTTOM OF THE 2ND
Temiskaming District Secondary School Saints batting - Pitching for Evans HS Knights : LHP Fernando Velázquez
Batting: LHB Kevin McGee 0-0: Foul Ball, location: 2F
0-1: Ball
1-1: SINGLE (Flyball, 7S)
Batting: RHB José Icaza 0-0: Ball
1-0: Foul Ball, location: 2F
1-1: Ball
2-1: Swinging Strike
2-2: SINGLE (Groundball, 56D)
Kevin McGee to second
Batting: RHB Louis-Joseph Perrier 0-0: Ball
1-0: Foul Ball, location: 2F
1-1: Ball
2-1: Ball
3-1: Fly out, F7 (Flyball, 78M)
Batting: RHB Ramón Cabrera 0-0: Ball
1-0: Hit by Pitch
Kevin McGee to third
José Icaza to second
Batting: LHB Leonardo Torres 0-0: Swinging Strike
0-1: Called Strike
0-2: Ball
1-2: Foul Ball, location: 2F
1-2: Ball
2-2: Foul Ball, location: 2F
2-2: Fly out, F5 (Popup, 56)
Batting: RHB Hilton Knowles 0-0: Foul Ball, location: 2F
0-1: Ball
1-1: Foul Ball, location: 2F
1-2: Ball
2-2: Foul Ball, location: 2F
2-2: Ball
3-2: GRAND SLAM HOME RUN (Flyball, 9D), Distance : 421 ft
Pitching: RHP Rob Beck
Batting: LHB Carson Dickinson 0-0: Ball
1-0: Foul Ball, location: 2F
1-1: Fly out, F4 (Popup, 4D)
Bottom of the 2nd over - 4 run(s), 3 hit(s), 0 error(s), 0 left on base; Evans HS 3 - Temiskaming District Secondary School 7
TOP OF THE 3RD
Evans HS Knights batting - Pitching for Temiskaming District Secondary School Saints : LHP Jaime Meléndez
Batting: RHB Scott Wells 0-0: Ball
1-0: Called Strike
1-1: Foul Ball, location: 2F
1-2: Foul Ball, location: 2F
1-2: Ball
2-2: Ground out 4-3 (Groundball, 4M)
Batting: RHB Rafael Martínez 0-0: Ball
1-0: Called Strike
1-1: Ball
2-1: Foul Ball, location: 2F
2-2: Foul Ball, location: 2F
2-2: Strikes out swinging
Batting: LHB Billy Raymond 0-0: Ground out 4-3 (Groundball, 4)
Top of the 3rd over - 0 run(s), 0 hit(s), 0 error(s), 0 left on base; Evans HS 3 - Temiskaming District Secondary School 7
BOTTOM OF THE 3RD
Temiskaming District Secondary School Saints batting - Pitching for Evans HS Knights : RHP Rob Beck
Batting: SHB Eric Silva 0-0: Called Strike
0-1: Ball
1-1: Ball
2-1: Fly out, F8 (Flyball, 8LM)
Batting: RHB Scott Roberts 0-0: Ball
1-0: Foul Ball, location: 2F
1-1: SINGLE (Line Drive, 7LS)
Batting: LHB Kevin McGee 0-0: Swinging Strike
0-1: Ball
1-1: Called Strike
Throwing error on steal attempt, E2
Scott Roberts to third
1-2: Foul Ball, location: 2F
1-2: Foul Ball, location: 2F
1-2: Reached on error, E4 (Groundball, 4M)
Scott Roberts scores
Batting: RHB José Icaza 0-0: Ball
1-0: Ball
2-0: Foul Ball, location: 2F
2-1: Called Strike
2-2: Ball
3-2: Base on Balls
Batting: RHB Louis-Joseph Perrier 0-0: Foul Ball, location: 2F
0-1: SINGLE (Groundball, 56D)
Kevin McGee to third
José Icaza to second
Runner from 3rd tries for Home, SAFE, throw made at trailing runner, SAFE at third!
Batting: RHB Ramón Cabrera 0-0: Ball
1-0: Foul Ball, location: 2F
1-1: Called Strike
1-2: Foul Ball, location: 2F
1-2: SINGLE (Flyball, 8RS)
José Icaza scores
Louis-Joseph Perrier to second
Batting: LHB Leonardo Torres 0-0: Foul Ball, location: 2F
0-1: Swinging Strike
0-2: Ball
1-2: Strikes out looking
Batting: RHB Hilton Knowles 0-0: Called Strike
0-1: Foul Ball, location: 2F
0-2: Strikes out swinging
Bottom of the 3rd over - 3 run(s), 3 hit(s), 2 error(s), 2 left on base; Evans HS 3 - Temiskaming District Secondary School 10
TOP OF THE 4TH
Evans HS Knights batting - Pitching for Temiskaming District Secondary School Saints : LHP Jaime Meléndez
Batting: LHB Andre Montgomery 0-0: Foul Ball, location: 2F
0-1: Ball
1-1: Swinging Strike
1-2: SINGLE (Line Drive, 56D)
Batting: LHB Julián Icaza 0-0: Fly out, F5 (Line Drive, 56)
Batting: RHB Gerald Hayes 0-0: Ball
1-0: Ball
2-0: Fly out, F3 (Line Drive, 3)
Lined into DP, U3 (Line Drive, 3)
Top of the 4th over - 0 run(s), 1 hit(s), 0 error(s), 0 left on base; Evans HS 3 - Temiskaming District Secondary School 10
BOTTOM OF THE 4TH
Temiskaming District Secondary School Saints batting - Pitching for Evans HS Knights : RHP Rob Beck
Batting: LHB Carson Dickinson 0-0: Ball
1-0: Ball
2-0: Swinging Strike
2-1: Ball
3-1: Foul Ball, location: 2F
3-2: Base on Balls
Batting: SHB Eric Silva 0-0: Foul Ball, location: 2F
0-1: Ground out U3 (Groundball, 34S)
Carson Dickinson to second
Batting: RHB Scott Roberts 0-0: SINGLE (Line Drive, 56D)
Carson Dickinson to third
Batting: LHB Kevin McGee 0-0: Ball
1-0: Ball
2-0: Called Strike
2-1: Ball
3-1: Base on Balls
Scott Roberts to second
Batting: RHB José Icaza 0-0: Ball
1-0: Foul Ball, location: 2F
1-1: Ball
2-1: Ball
3-1: Called Strike
3-2: SINGLE (Flyball, 89S)
Carson Dickinson scores
Scott Roberts to third
Kevin McGee to second
Runner from 3rd tries for Home, SAFE, no throw
Pitching: RHP José Escobar
Batting: RHB Louis-Joseph Perrier 0-0: Ball
1-0: Foul Ball, location: 2F
1-1: Grounds into double play, 4-6-3 (Groundball, 4)
Bottom of the 4th over - 2 run(s), 2 hit(s), 0 error(s), 1 left on base; Evans HS 3 - Temiskaming District Secondary School 12
TOP OF THE 5TH
Evans HS Knights batting - Pitching for Temiskaming District Secondary School Saints : LHP Jaime Meléndez
Batting: RHB Dominic Veillette 0-0: Ball
1-0: Called Strike
1-1: Fly out, F7 (Flyball, 7D)
Batting: RHB James Bennett 0-0: Fly out, F7 (Flyball, 7S)
Batting: RHB Deron Rolen 0-0: Ball
1-0: Ball
2-0: Foul Ball, location: 2F
2-1: Swinging Strike
2-2: TRIPLE (Line Drive, 3L)
Batting: RHB Scott Wells 0-0: Ball
1-0: Called Strike
1-1: Ground out 5-3 (Groundball, 5S)
Top of the 5th over - 0 run(s), 1 hit(s), 0 error(s), 1 left on base; Evans HS 3 - Temiskaming District Secondary School 12
BOTTOM OF THE 5TH
Temiskaming District Secondary School Saints batting - Pitching for Evans HS Knights : RHP José Escobar
Batting: RHB Ramón Cabrera 0-0: Ball
1-0: Foul Ball, location: 2F
1-1: Ball
2-1: Ball
3-1: Fly out, F7 (Flyball, 7)
Batting: LHB Leonardo Torres 0-0: Foul Ball, location: 2F
0-1: Called Strike
0-2: Ball
1-2: Foul Ball, location: 2F
1-2: Foul Ball, location: 2F
Error on foul ball, E9
1-2: Fly out, F6 (Popup, 6MD)
Batting: RHB Hilton Knowles 0-0: Ball
1-0: Swinging Strike
1-1: Called Strike
1-2: Ball
2-2: Strikes out swinging
Bottom of the 5th over - 0 run(s), 0 hit(s), 1 error(s), 0 left on base; Evans HS 3 - Temiskaming District Secondary School 12
TOP OF THE 6TH
Evans HS Knights batting - Pitching for Temiskaming District Secondary School Saints : LHP Jaime Meléndez
Batting: RHB Rafael Martínez 0-0: Foul Ball, location: 2F
0-1: Ball
1-1: Foul Ball, location: 2F
1-2: Foul Ball, location: 2F
1-2: Ground out 6-3 (Groundball, 6)
Batting: LHB Billy Raymond 0-0: Swinging Strike
0-1: SINGLE (Line Drive, 8LS)
Batting: LHB Andre Montgomery 0-0: Swinging Strike
0-1: Ball
1-1: Foul Ball, location: 2F
1-2: DOUBLE (Line Drive, 78M)
Billy Raymond to third
Runner from 3rd tries for Home, SAFE, throw made home
Batting: LHB Julián Icaza 0-0: Called Strike
0-1: Ball
1-1: Ball
2-1: Reached on error, E3 (Groundball, 34)
Andre Montgomery to third
Batting: RHB Gerald Hayes 0-0: Ball
1-0: SINGLE (Groundball, 56S) (infield hit)
Andre Montgomery scores
Julián Icaza to second
Batting: RHB Dominic Veillette 0-0: Ball
1-0: Ball
2-0: Swinging Strike
2-1: Ball
3-1: Base on Balls
Julián Icaza to third
Gerald Hayes to second
Batting: RHB James Bennett 0-0: Called Strike
0-1: Ball
1-1: Ball
2-1: Ball
3-1: Called Strike
3-2: Foul Ball, location: 2F
3-2: DOUBLE (Flyball, 78M)
Julián Icaza scores
Gerald Hayes scores
Dominic Veillette to third
Runner from 3rd tries for Home, SAFE, throw made at trailing runner, OUT at third!
Batting: RHB Deron Rolen 0-0: Called Strike
0-1: Called Strike
0-2: Ball
1-2: Ball
2-2: Ball
3-2: Foul Ball, location: 2F
3-2: Fly out, F8 (Flyball, 8LD)
Top of the 6th over - 5 run(s), 4 hit(s), 1 error(s), 0 left on base; Evans HS 8 - Temiskaming District Secondary School 12
BOTTOM OF THE 6TH
Temiskaming District Secondary School Saints batting - Pitching for Evans HS Knights : RHP José Escobar
Batting: LHB Carson Dickinson 0-0: Called Strike
0-1: Reached on error, E4 (Groundball, 4)
Batting: SHB Eric Silva 0-0: Intentional Walk
Batting: RHB Scott Roberts 0-0: Called Strike
0-1: Ball
1-1: Ball
2-1: SINGLE (Line Drive, 8LS)
Carson Dickinson to third
Eric Silva to second
Runner from 3rd tries for Home, SAFE, throw made home
Batting: LHB Kevin McGee 0-0: Foul Ball, location: 2F
0-1: Ground out 6-3 (Groundball, 6S)
Eric Silva to third
Scott Roberts to second
Batting: RHB José Icaza 0-0: Ball
1-0: Ball
2-0: Ball
3-0: Base on Balls
Batting: RHB Louis-Joseph Perrier 0-0: Ball
1-0: Foul Ball, location: 2F
1-1: Ball
2-1: Ball
3-1: Base on Balls
Eric Silva scores
Scott Roberts to third
José Icaza to second
Batting: RHB Ramón Cabrera 0-0: Fly out, F7 (Flyball, 7)
Runner from 3rd tags up, SCORES, no throw
Batting: LHB Leonardo Torres Error on foul ball, E7
0-1: Ball
1-1: Foul Ball, location: 2F
1-2: Fly out, F8 (Flyball, 8LD)
Bottom of the 6th over - 3 run(s), 1 hit(s), 2 error(s), 2 left on base; Evans HS 8 - Temiskaming District Secondary School 15
TOP OF THE 7TH
Evans HS Knights batting - Pitching for Temiskaming District Secondary School Saints : LHP Jaime Meléndez
Batting: RHB Scott Wells 0-0: Ground out 1-3 (Groundball, 13)
Batting: RHB Rafael Martínez 0-0: SOLO HOME RUN (Flyball, 78XD), Distance : 427 ft
Batting: LHB Billy Raymond 0-0: Ball
1-0: Foul Ball, location: 2F
1-1: Swinging Strike
1-2: Strikes out swinging
Batting: LHB Andre Montgomery 0-0: Called Strike
0-1: Foul Ball, location: 2F
0-2: SINGLE (Line Drive, 6M)
Batting: LHB Julián Icaza 0-0: Ball
1-0: Fly out, F7 (Flyball, 7S)
Top of the 7th over - 1 run(s), 2 hit(s), 0 error(s), 1 left on base; Evans HS 9 - Temiskaming District Secondary School 15
BOTTOM OF THE 7TH
Temiskaming District Secondary School Saints batting - Pitching for Evans HS Knights : RHP José Escobar
Batting: RHB Hilton Knowles 0-0: Called Strike
0-1: Ball
1-1: Foul Ball, location: 2F
1-2: Ball
2-2: Ball
3-2: Foul Ball, location: 2F
3-2: Fly out, F4 (Line Drive, 4)
Batting: LHB Carson Dickinson 0-0: Ball
1-0: Ball
2-0: Ball
3-0: Base on Balls
Pitching: RHP Chris Crews
Batting: SHB Eric Silva 0-0: Ball
1-0: Foul Ball, location: 2F
1-1: Swinging Strike
1-2: Ball
2-2: Strikes out swinging
Batting: RHB Scott Roberts 0-0: Called Strike
0-1: 2-RUN HOME RUN (Flyball, 7D), Distance : 384 ft
Batting: LHB Kevin McGee 0-0: SINGLE (Flyball, 8RS)
Batting: RHB José Icaza 0-0: Foul Ball, location: 2F
0-1: Ball
1-1: Called Strike
1-2: Ground out 5-3 (Groundball, 56S)
Bottom of the 7th over - 2 run(s), 2 hit(s), 0 error(s), 1 left on base; Evans HS 9 - Temiskaming District Secondary School 17
TOP OF THE 8TH
Evans HS Knights batting - Pitching for Temiskaming District Secondary School Saints : LHP Jaime Meléndez
Now at C: José Ramírez
Now in CF: John Weber
Batting: RHB Gerald Hayes 0-0: Ball
1-0: Ball
2-0: Foul Ball, location: 2F
2-1: Swinging Strike
2-2: Ball
3-2: Base on Balls
Batting: RHB Dominic Veillette 0-0: Ball
1-0: Foul Ball, location: 2F
1-1: Ball
2-1: Ball
3-1: Foul Ball, location: 2F
3-2: Foul Ball, location: 2F
3-2: Foul Ball, location: 2F
3-2: Foul Ball, location: 2F
3-2: Base on Balls
Gerald Hayes to second
Pitching: RHP Bill Lindsay
Batting: RHB James Bennett 0-0: Ball
1-0: Ball
2-0: Ball
3-0: Base on Balls
Gerald Hayes to third
Dominic Veillette to second
Pitching: LHP Guillermo Silva
Batting: RHB Deron Rolen 0-0: Foul Ball, location: 2F
0-1: Grounds into double play, 6-4-3 (Groundball, 6)
Gerald Hayes scores
Dominic Veillette to third
Batting: RHB Scott Wells 0-0: Ball
1-0: Fly out, F4 (Popup, 34D)
Top of the 8th over - 1 run(s), 0 hit(s), 0 error(s), 1 left on base; Evans HS 10 - Temiskaming District Secondary School 17
BOTTOM OF THE 8TH
Temiskaming District Secondary School Saints batting - Pitching for Evans HS Knights : RHP Chris Crews
Batting: RHB Louis-Joseph Perrier 0-0: Ball
1-0: Ball
2-0: Called Strike
2-1: Foul Ball, location: 2F
2-2: Fly out, F8 (Flyball, 8RD)
Batting: RHB Ramón Cabrera 0-0: Called Strike
0-1: Ball
1-1: Foul Ball, location: 2F
1-2: Strikes out looking
Batting: LHB Leonardo Torres 0-0: Ball
1-0: Ball
2-0: Fly out, F7 (Flyball, 78S)
Bottom of the 8th over - 0 run(s), 0 hit(s), 0 error(s), 0 left on base; Evans HS 10 - Temiskaming District Secondary School 17
TOP OF THE 9TH
Evans HS Knights batting - Pitching for Temiskaming District Secondary School Saints : LHP Guillermo Silva
Pitching: LHP Ken Byrd
Now in LF: Glenn Hansen
Batting: RHB Rafael Martínez 0-0: Ball
1-0: Called Strike
1-1: Ground out 6-3 (Groundball, 56)
Batting: LHB Billy Raymond 0-0: Called Strike
0-1: Called Strike
0-2: Ball
1-2: Ball
2-2: Strikes out swinging
Batting: LHB Andre Montgomery 0-0: Called Strike
0-1: Ball
1-1: Ball
2-1: Swinging Strike
2-2: Foul Ball, location: 2F
2-2: Ball
3-2: Base on Balls
Batting: LHB Julián Icaza 0-0: Ball
1-0: SINGLE (Flyball, 89S)
Andre Montgomery to second
Runner from 2nd tries for 3rd, SAFE, throw made to third
Batting: RHB Gerald Hayes 0-0: Ball
1-0: Ball
2-0: Swinging Strike
2-1: Ball
3-1: Base on Balls
Julián Icaza to second
Pitching: RHP John Bauer
Batting: RHB Dominic Veillette 0-0: Foul Ball, location: 2F
0-1: Foul Ball, location: 2F
0-2: Ball
1-2: Ball
2-2: SINGLE (Groundball, 56S) (infield hit)
Andre Montgomery scores
Julián Icaza to third
Gerald Hayes to second
Batting: RHB James Bennett 0-0: Fielders Choice at 2nd, 4-6 (Groundball, 4)
Top of the 9th over - 1 run(s), 2 hit(s), 0 error(s), 2 left on base; Evans HS 11 - Temiskaming District Secondary School 17
Tuesday, August 8th, 2017 - OOTP Baseball 17.12 Build 75